 Dungeon Crawl Stone Soup version 0.29.1-1-gd02db6906a (webtiles) character file.

Game seed: 8635369645985357064

6038 dave1331 the Cleaver (level 10, -2/90 HPs)
             Began as a Hill Orc Fighter on Oct 4, 2022.
             Slain by a komodo dragon (15 damage)
             ... on level 1 of the Lair of Beasts.
             The game lasted 00:23:06 (8911 turns).

dave1331 the Cleaver (Hill Orc Fighter)             Turns: 8911, Time: 00:23:06

Health: -2/90      AC: 25    Str: 30    XL:     10   Next: 86%
Magic:  10/10      EV:  9    Int:  8    God:
Gold:   630        SH:  5    Dex: 10    Spells: 9/9 levels left

rFire   . . .      SeeInvis .   a - +6 war axe
rCold   . . .      Faith    .   c - +0 buckler
rNeg    . . .      Spirit   .   h - +6 chain mail
rPois   +          Reflect  .   (no helmet)
rElec   .          Harm     .   A - +2 cloak
rCorr   .          Rampage  .   (no gloves)
Will    .....                   f - +0 pair of boots
Stlth   ..........              o - amulet of regeneration
HPRegen 1.05/turn               j - +6 ring of strength
MPRegen 0.12/turn               i - +4 ring of protection

@: no status effects
A: deterioration 1, poison resistance, subdued magic 1
a: no special abilities


You were on level 1 of the Lair of Beasts.
You visited 2 branches of the dungeon, and saw 11 of its levels.

You collected 630 gold pieces.

Inventory:

Hand Weapons
 a - a +6 war axe (weapon)
Armour
 b - a +2 scale mail
 c - a +0 buckler (worn)
 f - a +0 pair of boots (worn)
 h - a +6 chain mail (worn)
 u - a +0 cloak
 A - a +2 cloak (worn)
Jewellery
 e - a ring of poison resistance
 i - a +4 ring of protection (right hand)
 j - a +6 ring of strength (left hand)
 o - an amulet of regeneration (around neck)
 t - a ring of ice
 C - a +6 ring of intelligence
 D - a ring of protection from fire
 F - a ring of resist corrosion
Wands
 r - a wand of light (8)
 x - a wand of roots (13)
 z - a wand of digging (5)
Scrolls
 l - 2 scrolls of amnesia
 m - 3 scrolls of teleportation
 n - 3 scrolls of noise
 p - 2 scrolls of immolation
 w - 9 scrolls of identify
 y - 2 scrolls of blinking
 B - a scroll of magic mapping
 I - a scroll of fear
Potions
 d - 3 potions of invisibility
 g - 5 potions of curing
 k - 4 potions of lignification
 q - 2 potions of brilliance
 s - a potion of might
 v - 2 potions of attraction
 E - a potion of haste
 G - a potion of heal wounds
 H - a potion of flight


   Skills:
 + Level 8.6 Fighting
 + Level 14.8 Axes
 + Level 8.1 Armour
 + Level 3.2 Dodging
 + Level 1.6 Stealth
 + Level 5.5 Shields


You had 9 spell levels left.
You didn't know any spells.
Your spell library contained the following spells:

 Spells                   Type           Power      Damage    Failure   Level
 Slow                     Hex            0%         N/A       91%         1
 Ensorcelled Hibernation  Hex/Ice        0%         N/A       97%         2
 Passwall                 Tmut/Erth      0%         N/A       97%         2
 Sublimation of Blood     Necr           0%         N/A       97%         2
 Confusing Touch          Hex            0%         N/A       100%        3
 Swiftness                Air            0%         N/A       100%        3
 Vampiric Draining        Necr           0%         2d6       100%        3
 Hailstorm                Conj/Ice       0%         3d3       100%        4
 Ice Form                 Ice/Tmut       0%         N/A       100%        4
 Petrify                  Tmut/Erth      0%         N/A       100%        4
 Summon Ice Beast         Ice/Summ       0%         N/A       100%        4
 Fireball                 Conj/Fire      0%         3d3       100%        5
 Irradiate                Conj/Tmut      0%         3d11      100%        5
 Summon Mana Viper        Hex/Summ       0%         N/A       100%        5
 Simulacrum               Ice/Necr       0%         N/A       100%        6
 Starburst                Conj/Fire      0%         6d3       100%        6
 Monstrous Menagerie      Summ           0%         N/A       100%        7
 Ignition                 Fire           0%         3d3       100%        8


Dungeon Overview and Level Annotations

Branches:
Dungeon (10/15)            Temple (0/1) D:7            Lair (1/5) D:10
    Orc (0/2) D:10

Altars:
Qazlal
Ru
Trog
Wu Jian

Shops:
D:6 *

Annotations:
D:9 3 runed translucent doors, Du3lingdragon's ghost, novice TrFi
Lair:1 1 transporter, RogueRain17's ghost, journeyman DgCj


Innate Abilities, Weirdness & Mutations

Your body sometimes deteriorates upon taking damage.
Your system is resistant to poisons. (rPois)
Your spells are a little easier to cast, but a little less powerful.


Message History

The 11-headed hydra closely misses you.
The 11-headed hydra bites you but does no damage.
The 11-headed hydra bites you. x2
The 11-headed hydra bites you but does no damage.
The 11-headed hydra bites you.
The komodo dragon attacks as you move away!
The komodo dragon bites you.
You hack one of the 11-headed hydra's heads off!
The ten-headed hydra grows two more!
You slice the 12-headed hydra!!
The 12-headed hydra is heavily wounded.
You slash the komodo dragon! You block the 12-headed hydra's attack.
The 12-headed hydra bites you but does no damage.
You block the 12-headed hydra's attack.
The 12-headed hydra bites you but does no damage. x3
The 12-headed hydra bites you!
The 12-headed hydra bites you but does no damage. x2
The 12-headed hydra closely misses you. The 12-headed hydra bites you.
The 12-headed hydra bites you!
* * * LOW HITPOINT WARNING * * *
You block the komodo dragon's attack.
Blink to where?
Press: ? - help, Dir - move target
Okay, then.
The 12-headed hydra attacks as you move away!
The 12-headed hydra bites you.
* * * LOW HITPOINT WARNING * * *
The 12-headed hydra bites you but does no damage.
The 12-headed hydra closely misses you.
You block the 12-headed hydra's attack. x2
The 12-headed hydra barely misses you.
The 12-headed hydra bites you but does no damage.
The 12-headed hydra closely misses you. The 12-headed hydra barely misses you.
The 12-headed hydra bites you but does no damage.
The 12-headed hydra bites you.
* * * LOW HITPOINT WARNING * * *
The 12-headed hydra closely misses you.
The komodo dragon attacks as you move away!
The komodo dragon bites you but does no damage.
The komodo dragon attacks as you move away!
The komodo dragon bites you!
You die...

### ### ########.####.#########
.............l................
.............D@..............
...#.#.......###.##.........#
....?.....................
.......#####...P.#####..#.####
.......##FWl##.................
##.$..##.###S##..##...###.P.#..
.....##....~..##...............
##..##8~~$...~8##...###.##..#..
:##..#.##..#.!##.......†.†..†


You could see a 12-headed hydra, a komodo dragon and a bullfrog.

Vanquished Creatures
  Pikel (D:6)
  A troll (D:10)
  2 hornets (D:10)
  2 wraiths (D:9)
  A shadow (D:10)
  10 yaks
  A water moccasin (Lair:1)
  3 ice beasts
  An orc warrior (D:10)
  2 centaurs
  An ogre (D:5)
  2 lemures (D:6)
  2 bullfrogs
  5 scorpions
  4 necrophages
  5 wights (D:8)
  11 killer bees
  5 howler monkeys
  3 hounds
  5 jellies
  2 orc priests
  A gnoll bouda (D:7)
  3 iguanas
  2 orc wizards
  5 gnolls (D:7)
  Robin (D:2)
  9 adders
  2 shadow imps (D:7)
  2 white imps
  3 worms
  4 dart slugs
  18 orcs
  5 endoplasms
  2 giant cockroaches
  11 goblins
  15 hobgoblins
  8 kobolds
  5 quokkas
  7 ball pythons
  8 bats
  A frilled lizard (D:1)
  6 rats
187 creatures vanquished.

Vanquished Creatures (others)
  A fungus (Lair:1)
1 creature vanquished.

Grand Total: 188 creatures vanquished

Notes
Turn   | Place    | Note
-------+----------+-------------------------------------------
     0 | D:1      | dave1331 the Hill Orc Fighter began the quest for the Orb.
     0 | D:1      | Reached XP level 1. HP: 19/19 MP: 1/1
   277 | D:1      | Found a faded altar of an unknown god.
   413 | D:1      | Reached skill level 3 in Axes
   413 | D:1      | Reached XP level 2. HP: 21/27 MP: 2/2
  1097 | D:1      | Reached XP level 3. HP: 33/33 MP: 3/3
  1633 | D:1      | Gained mutation: Your body sometimes deteriorates upon
                  | taking damage. [potion of mutation]
  1633 | D:1      | Gained mutation: Your spells are a little easier to cast,
                  | but a little less powerful. [potion of mutation]
  1633 | D:1      | Gained mutation: Your system is resistant to poisons.
                  | (rPois) [potion of mutation]
  1939 | D:2      | Reached skill level 4 in Axes
  2001 | D:2      | Reached XP level 4. HP: 40/40 MP: 4/4
  2331 | D:2      | Noticed Robin
  2343 | D:2      | Killed Robin
  2356 | D:2      | Reached skill level 5 in Axes
  2645 | D:2      | Reached XP level 5. HP: 46/46 MP: 5/5
  3506 | D:3      | Found a stormy altar of Qazlal.
  3863 | D:4      | Reached skill level 6 in Axes
  3863 | D:4      | Reached XP level 6. HP: 52/52 MP: 6/6
  4111 | D:4      | Reached skill level 1 in Dodging
  4171 | D:4      | Identified the +6 leather armour of Insecurity {Str+2}
  4210 | D:4      | Reached skill level 7 in Axes
  4588 | D:5      | Entered Level 5 of the Dungeon
  4646 | D:5      | Reached XP level 7. HP: 40/60 MP: 7/7
  4854 | D:5      | Reached skill level 8 in Axes
  4893 | D:5      | Reached skill level 5 in Armour
  4893 | D:5      | Reached skill level 1 in Stealth
  4903 | D:5      | Identified the +5 flail of Ciekk {vorpal, rElec Int+4
                  | Dex+4}
  4923 | D:5      | Found a glowing drain.
  5278 | D:5      | Reached skill level 5 in Fighting
  5553 | D:6      | Reached skill level 9 in Axes
  5553 | D:6      | Reached XP level 8. HP: 66/68 MP: 8/8
  5669 | D:6      | Noticed Pikel
  5688 | D:6      | Killed Pikel
  5689 | D:6      | Reached skill level 10 in Axes
  5723 | D:6      | Found Katun's Gadget Gallery.
  5881 | D:6      | Reached XP level 9. HP: 75/75 MP: 9/9
  6155 | D:6      | Reached skill level 11 in Axes
  6659 | D:7      | Found a staircase to the Ecumenical Temple.
  7180 | D:8      | Found a bloodstained altar of Trog.
  7219 | D:8      | Reached skill level 12 in Axes
  7440 | D:8      | Found an ornate altar of the Wu Jian Council.
  7691 | D:9      | Noticed Du3lingdragon's ghost (novice TrFi)
  7692 | D:9      | Found a runed translucent gate.
  7693 | D:9      | Found a runed translucent gate.
  7694 | D:9      | Found a runed translucent gate.
  7698 | D:9      | Reached skill level 5 in Shields
  8004 | D:9      | Reached XP level 10. HP: 72/86 MP: 10/10
  8276 | D:10     | Entered Level 10 of the Dungeon
  8333 | D:10     | Reached skill level 13 in Axes
  8350 | D:10     | Found a staircase to the Orcish Mines.
  8406 | D:10     | Found a staircase to the Lair.
  8434 | D:10     | Found a sacrificial altar of Ru.
  8646 | D:10     | Reached skill level 14 in Axes
  8773 | Lair:1   | Entered Level 1 of the Lair of Beasts
  8869 | Lair:1   | Found a transporter.
  8875 | Lair:1   | Noticed RogueRain17's ghost (journeyman DgCj)
  8876 | Lair:1   | Noticed a black mamba
  8887 | Lair:1   | Noticed a four-headed hydra
  8911 | Lair:1   | Slain by a komodo dragon

Illustrated notes

Levels and vault maps discovered:
D:1:      dpeg_arrival_oval, layout_basic, ebering_ecumenical_altar_mist
D:2:      minmay_chambers_of_twos, layout_basic, dk_noncrumbling_2, uniq_robin
D:3:      layout_basic, mainiacjoe_overflow_brackets
D:4:      layout_loops_ring
D:5:      layout_basic, cheibrodos_sewer_entry_drain
D:6:      layout_loops_corners, nicolae_shop_gadgets, uniq_pikel
D:7:      layout_cave_pools, minmay_temple_entry_junction
D:8:      minmay_weird_star, layout_rooms, mainiacjoe_overflow_large_starburst
D:9:      layout_basic, serial_corexii_hall, corexii_hall_statues_i,
          chequers_hall_statues_wall_a, gammafunk_ghost_split
D:10:     layout_roguey, nicolae_ru_sacrificial_ziggurat, lair_entry_dummy,
          orc_0_dummy, serial_glass, glass_columns_a, glass_columns_c
Lair:1:   beast_lair_carwin_large_1, layout_long_grid, nzn_ghost_randoct,
          serial_bayou_pond_b, guppyfry_lair_drakes

Skill      XL: |  1  2  3  4  5  6  7  8  9 10 |
---------------+-------------------------------+-----
Axes           | 3 4 5 6 7 9 10 12 14 | 14.8
Fighting       | 4 5 6 7 8 |  8.6
Armour         | 4 5 6 7 8 |  8.1
Dodging        | 1 2 3 |  3.2
Shields        | 4 5 |  5.5
Stealth        | 1 |  1.6

Action                   |  1- 3 |  4- 6 |  7- 9 | 10-12 || total
-------------------------+-------+-------+-------+-------++-------
Melee: War axe           |   111 |   167 |   248 |    95 ||   621
  Use: Scroll            |     6 |     6 |     7 |     1 ||    20
       Potion            |     4 |     8 |     1 |     2 ||    15
Armor: Scale mail        |    81 |    39 |       |       ||   120
       Chain mail        |       |    45 |   140 |   104 ||   289
Dodge: Dodged            |    73 |    51 |    86 |    66 ||   276
Block: Buckler           |    36 |    33 |    45 |    31 ||   145
